 Dungeon Crawl Stone Soup version 0.31-a0-702-gf82c85558f (webtiles) character file.

Game seed: 7988153715086923334

52 qw the Shooter (level 3, -1/23 HPs)
             Began as a Gargoyle Hunter on Sept 8, 2023.
             Slain by Sigmund
             ... wielding a +0 scythe
              (5 damage)
             ... on level 2 of the Dungeon.
             The game lasted 00:00:30 (1563 turns).

qw the Shooter (Gargoyle Hunter)                    Turns: 1563, Time: 00:00:31

Health: -1/23      AC:  7    Str: 14    XL:     3   Next: 85%
Magic:  3/3        EV: 11    Int:  9    God:
Gold:   111        SH:  0    Dex: 15    Spells: 2/2 levels left

rFire   . . .        Y - +0 shortbow
rCold   . . .        (shield currently unavailable)
rNeg    + . .        c - +0 leather armour
rPois   inf          (no helmet)
rElec   +            (no cloak)
rCorr   .            (no gloves)
SInv    .            i - +0 pair of boots
Will    .....        (no amulet)
Stlth   ++           (no ring)
HPRegen 0.23/turn    (no ring)
MPRegen 0.08/turn

%: no passive effects
@: no status effects
A: sickness immunity, AC +3, negative energy resistance 1, electricity
resistance, torment resistance 1, petrification resistance
a: no special abilities


You were on level 2 of the Dungeon.
You visited 1 branch of the dungeon, and saw 2 of its levels.

You collected 111 gold pieces.


Innate Abilities, Weirdness & Mutations

You are immune to sickness and miasma.
Your stone body is resilient. (AC +3)
You are immune to poison.
You resist negative energy. (rN+)
You are resistant to electric shocks. (rElec)
You are resistant to unholy torment.
You are immune to petrification.


   Skills:
 - Level 3.0 Fighting
 + Level 5.0 Ranged Weapons
 - Level 1.5 Dodging
 - Level 1.1 Stealth


You had 2 spell levels left.
You didn't know any spells.
Your spell library was empty.

Inventory:

Hand Weapons
 Y - a +0 shortbow (weapon)
Armour
 a - a +0 ring mail
 c - a +0 leather armour (worn)
 d - a +0 cloak
 i - a +0 pair of boots (worn)
Jewellery
 b - a +6 ring of intelligence
Scrolls
 g - 2 scrolls of enchant armour {unknown}
 j - a scroll of poison {unknown}
Potions
 e - a potion of brilliance {unknown}
 f - a potion of enlightenment {unknown}

Dungeon Overview and Level Annotations

Branches:
Dungeon (2/15)

Altars:

Annotations:
D:2 Sigmund


Message History

You now have 111 gold pieces (gained 13).
A bat comes into view.
You shoot an arrow. The arrow hits the bat.
You kill the bat!
Found 6 stones.
You see here 6 stones.
j - a scroll labelled DUVOHA MADO Sigmund the Dreaded comes into view.
He is wielding a +0 scythe.
Sigmund points at you and mumbles some strange words.
The magic dart hits you.
You shoot an arrow. The arrow barely misses Sigmund.
Sigmund hits you from afar with a +0 scythe!
You shoot an arrow. The arrow hits Sigmund!
Sigmund is moderately wounded.
Sigmund misses you.
You shoot an arrow. The arrow barely misses Sigmund.
Sigmund points at you and mumbles some strange words.
The magic dart hits you!
You shoot an arrow. The arrow closely misses Sigmund.
Sigmund casts a spell at you.
You are confused.
Sigmund barely misses you. Sigmund hits you but does no damage.
Sigmund hits you but does no damage.
You feel less confused.
Sigmund points at you and mumbles some strange words.
The magic dart hits you.
1560 ||| DRINKING potion of heal wounds.
You feel much better.
Sigmund hits you from afar with a +0 scythe!
You shoot an arrow. The arrow hits Sigmund!
Sigmund is heavily wounded.
You shoot an arrow. The arrow barely misses Sigmund.
Sigmund whispers, "You'll know eternity soon."
Sigmund points at you and mumbles some strange words.
The magic dart hits you!
You shoot an arrow. The arrow barely misses Sigmund.
Sigmund hits you from afar with a +0 scythe.
You die...
Sigmund begins carving another notch in his scythe.

.# .# .. .# #. ## ##.##
...# #..# # #.####..#
.## #....@..# >.# #@#
#.# ##.##
####.#########...#####
##..?...........#.......
..................#.#.##
.#.##..........####.#
.#.............# .
.#..##........<# #
...............#


You could see Sigmund.

Vanquished Creatures
  An adder (D:2)
  A dart slug (D:1)
  An orc (D:2)
  5 endoplasms
  A giant cockroach (D:1)
  3 goblins (D:1)
  4 hobgoblins
  5 jackals (D:1)
  4 ball pythons
  4 bats
  A frilled lizard (D:1)
  6 kobolds
36 creatures vanquished.

Notes
Turn   | Place    | Note
-------+----------+-------------------------------------------
     0 | D:1      | qw the Gargoyle Hunter began the quest for the Orb.
     0 | D:1      | Reached XP level 1. HP: 12/12 MP: 1/1
     0 | D:1      | 0 ||| qw: Version: 0.3-a-76-g4403597
     0 | D:1      | 0 ||| qw: Game counter: 1239
     0 | D:1      | 0 ||| qw: Melee chars always use a shield: true
     0 | D:1      | 0 ||| qw: God list: Okawaru
     0 | D:1      | 0 ||| qw: Allow faded altars: false
     0 | D:1      | 0 ||| qw: Do Orc after clearing Dungeon:15 true
     0 | D:1      | 0 ||| qw: Do second Lair branch before Depths: true
     0 | D:1      | 0 ||| qw: Lair rune preference: random
     0 | D:1      | 0 ||| qw: Goals: Normal
     0 | D:1      | 0 ||| PLANNING D:1-11
   156 | D:1      | Reached XP level 2. HP: 14/17 MP: 2/2
   647 | D:1      | Reached XP level 3. HP: 21/21 MP: 3/3
   703 | D:1      | Reached skill level 5 in Ranged Weapons
   912 | D:1      | 912 ||| UPGRADING to +0 pair of boots.
   917 | D:1      | 917 ||| READING scroll labelled SITOENULOSMY.
   918 | D:1      | 918 ||| READING scroll labelled RAWIXUU LOMASCH.
   921 | D:1      | 921 ||| READING scroll labelled WAKAQUHOTENK.
  1022 | D:1      | 1022 ||| DRINKING 2 fizzy green potions.
  1023 | D:1      | 1023 ||| DROPPING scroll of butterflies.
  1395 | D:2      | Reached skill level 3 in Fighting
  1550 | D:2      | Noticed Sigmund
  1559 | D:2      | HP: 3/23 [Sigmund/magic dart (5)]
  1560 | D:2      | 1560 ||| DRINKING potion of heal wounds.
  1563 | D:2      | Slain by Sigmund

Levels and vault maps discovered:
D:1:      lightli_arrival_maybe_door_vault, layout_loops_corners
D:2:      layout_loops_cross, kennysheep_generic_room_9, uniq_sigmund

Skill      XL: |  1  2  3 |
---------------+----------+-----
Ranged Weapons | 5 |  5.0
Fighting       | 3 |  3.0
Dodging        | |  1.5
Stealth        | |  1.1

Action                     || total
---------------------------++-------
   Fire: Shortbow          ||   107
    Use: Scroll            ||     3
         Potion            ||     2
 Armour: Leather armour    ||    27
  Dodge: Dodged            ||    19

Table legend:
 A = Non-vault XP
 B = Vault XP
 C = Vault XP percentage of total XP
 D = Non-vault monster count
 E = Vault monster count
 F = Vault count percentage of total count
                 A         B        C        D         E       F
            +---------+---------+-------+---------+---------+-------
      Total |      75 |       0 |   0.0 |      36 |       0 |   0.0
            +---------+---------+-------+---------+---------+-------
        D:1 |      45 |       0 |   0.0 |      25 |       0 |   0.0
        D:2 |      30 |       0 |   0.0 |      11 |       0 |   0.0
            +---------+---------+-------+---------+---------+-------
